 Dungeon Crawl Stone Soup version 0.32-a0-928-g1cae6b7ea0 (webtiles) character file.

Game seed: 7652048395361194832

28 Ahpoh the Slasher (level 3, 37/37 HPs)
             Began as an Oni Gladiator on Apr 12, 2024.
             Quit the game on level 2 of the Dungeon.
             The game lasted 00:03:23 (1316 turns).

Ahpoh the Slasher (Oni Gladiator)                   Turns: 1316, Time: 00:03:23

Health: 37/37      AC:  3    Str: 18    XL:     3   Next: 14%
Magic:  3/3        EV:  9    Int:  9    God:
Gold:   81         SH:  0    Dex: 12    Spells: 2/2 levels left

rFire   . . .        a - +0 long sword
rCold   . . .        (no shield)
rNeg    . . .        b - +0 robe
rPois   .            c - +0 hat
rElec   .            (no cloak)
rCorr   .            (gloves unavailable)
SInv    .            (boots unavailable)
Will    .....        (no amulet)
Stlth   +            (no ring)
HPRegen 0.26/turn    (no ring)
MPRegen 0.08/turn

%: no passive effects
@: no status effects
A: large, unfitting armour, horns 1, tough skin 1, double potion healing,
drunken brawling
a: no special abilities


You were on level 2 of the Dungeon.
You visited 1 branch of the dungeon, and saw 2 of its levels.

You collected 81 gold pieces.

Inventory:

Hand Weapons
 a - a +0 long sword (weapon)
Missiles
 d - 3 throwing nets (quivered)
 e - a large rock
Armour
 b - a +0 robe (worn)
 c - a +0 hat (worn)
Scrolls
 f - a scroll of identify
 h - a scroll of enchant weapon {unknown}
 i - a scroll of poison {unknown}
Potions
 g - a potion of degeneration
 j - a potion of ambrosia {unknown}


   Skills:
 + Level 3.1 Fighting
 + Level 3.2 Long Blades
 + Level 2.1 Throwing
 + Level 3.0 Dodging


You had 2 spell levels left.
You didn't know any spells.
Your spell library was empty.

Dungeon Overview and Level Annotations

Branches:
Dungeon (2/15)

Altars:


Innate Abilities, Weirdness & Mutations

You are too large for most types of armour.
You have a pair of small horns on your head.
You have tough skin. (AC +1)
You gain doubled healing and magic from potions.
Whenever you drink a healing potion, you attack all around you.


Message History

The bat barely misses you. The bat hits you.
You closely miss the bat. Your headbutt misses the bat.
The bat hits you but does no damage. The bat hits you but does no damage.
The bat misses you. The bat hits you but does no damage.
The bat hits you but does no damage. The bat misses you.
The bat hits you but does no damage. The bat hits you but does no damage.
You closely miss the bat. Your headbutt misses the bat.
The bat closely misses you.
You hit the bat.
You kill the bat!
You now have 64 gold pieces (gained 6).
A ball python comes into view.
Found a hand axe.
A ball python is nearby!
Found 17 gold pieces.
Found an orange potion.
The ball python hisses angrily.
The ball python barely misses you.
You hit the ball python. You headbutt the ball python.
The ball python is severely wounded.
The ball python misses you.
You slash the ball python!
You kill the ball python!
Found a war axe.
A ball python comes into view.
The ball python hisses angrily.
You see here an orange potion.
You barely miss the ball python. Your headbutt misses the ball python.
The ball python bites you.
The ball python bites you but does no damage.
You hit the ball python.
You kill the ball python!
An endoplasm comes into view.
j - an orange potion You now have 72 gold pieces (gained 8).
You now have 81 gold pieces (gained 9).
Are you sure you want to abandon this character and quit the game? (Confirm with "yes".)

#........#
##...)##.##
#....##..#####
#.....##.....## #
#.....######..+ #
####.....#.....### #
#........#.###.# .
...###........#.# .
.. #........#@..#
.#.. #.....#########
#.......#+#.........
.#....##.#.#.....###
.....##.#.......#
#...##.####....#
###...##.####....#
...........##....#
..>...#..#.##....#


There were no monsters in sight!

Vanquished Creatures
  A ribbon worm (D:2)
  2 endoplasms (D:1)
  A goblin (D:1)
  A hobgoblin (D:2)
  2 kobolds (D:1)
  2 quokkas
  5 ball pythons
  6 bats
  3 frilled lizards (D:1)
  A rat (D:1)
24 creatures vanquished.

Notes
Turn   | Place    | Note
-------+----------+-------------------------------------------
     0 | D:1      | Ahpoh the Oni Gladiator began the quest for the Orb.
     0 | D:1      | Reached XP level 1. HP: 22/22 MP: 1/1
   404 | D:1      | Found a faded altar of an unknown god.
   427 | D:1      | Reached XP level 2. HP: 29/29 MP: 2/2
  1229 | D:2      | Reached XP level 3. HP: 32/37 MP: 3/3
  1316 | D:2      | Quit the game

Illustrated notes

Levels and vault maps discovered:
D:1:      minmay_arrival_up_and_down, layout_loops_corners,
          hellmonk_ecumenical_altar_pennies_from_heaven
D:2:      layout_basic, minmay_tromino_i2

Skill      XL: |  1  2 |
---------------+-------+-----
Long Blades    | 3 |  3.2
Dodging        | 3 |  3.0
Fighting       | 3 |  3.1
Throwing       | |  2.1

Action                     || total
---------------------------++-------
  Melee: Long sword        ||    61
         Headbutt          ||     5
    Use: Potion            ||     3
         Scroll            ||     1
 Armour: Robe              ||    59
  Dodge: Dodged            ||    43

Table legend: (Time is in decaauts)
 A = Elapsed time spent in this place.
 B = Non-inter-level travel time spent in this place.
 C = Inter-level travel time spent in this place.
 D = Time resting spent in this place.
 E = Time spent auto-exploring this place.
 F = Levels seen in this place.
 G = Mean time per level.
                   A        B        C        D        E       F      G
               +--------+--------+--------+--------+--------+-----+--------+
         Total |   1334 |   1229 |    105 |     39 |    892 |   2 |  667.0 |
       Dungeon |   1334 |   1229 |    105 |     39 |    892 |   2 |  667.0 |
               +--------+--------+--------+--------+--------+-----+--------+

Top non-repeatable levels by time:
     D:1: 1150 daAuts
     D:2: 184 daAuts
